 Dungeon Crawl Stone Soup version 0.30-b1-2-g02819fbbbe (webtiles) character file.

Game seed: 10632772845810364805

65 Barriton the Firebug (level 3, -1/26 HPs)
             Began as a Draconian Fire Elementalist on May 15, 2023.
             Was an Initiate of Yredelemnul.
             Slain by Edmund
             ... wielding a +2 dire flail of protection
              (16 damage)
             ... on level 4 of the Dungeon on May 16, 2023.
             The game lasted 00:05:22 (3248 turns).

Barriton the Firebug (Draconian Fire Elementalist)  Turns: 3248, Time: 00:05:23

Health: -1/26      AC:  5    Str: 10    XL:     3   Next: 94%
Magic:  1/6        EV: 12    Int: 17    God:    Yredelemnul [......]
Gold:   129        SH:  0    Dex: 11    Spells: 2/6 levels left

rFire   . . .        (no weapon)
rCold   . . .        (no shield)
rNeg    . . .        (body armour unavailable)
rPois   .            (helmet restricted)
rElec   .            (no cloak)
rCorr   .            (no gloves)
SInv    .            (no boots)
Will    .....        (no amulet)
Stlth   ++           (no ring)
HPRegen 0.24/turn    (no ring)
MPRegen 0.10/turn

%: no passive effects
@: mighty
A: AC +5, unfitting armour, cold-blooded
a: Renounce Religion, Recall Undead Harvest


You were on level 4 of the Dungeon.
You worshipped Yredelemnul.
Yredelemnul was noncommittal.
You visited 1 branch of the dungeon, and saw 4 of its levels.

You collected 129 gold pieces.

Inventory:

Missiles
 l - a throwing net
Wands
 a - a wand of flame (24)
Scrolls
 c - 2 scrolls of identify
 i - a scroll of fog {unknown}
 k - a scroll of brand weapon
Potions
 d - a potion of cancellation
 e - a potion of curing
 f - a potion of lignification {unknown}
 g - 2 potions of invisibility
 h - a potion of haste
 j - a potion of degeneration {unknown}
 m - a potion of magic


   Skills:
 + Level 2.0 Dodging
 + Level 1.9 Stealth
 + Level 0.3 Unarmed Combat
 + Level 2.3 Spellcasting
 + Level 1.1 Conjurations
 + Level 1.2 Summonings
 + Level 4.1 Fire Magic


You had 2 spell levels left.
You knew the following spells:

 Your Spells              Type           Power      Damage    Failure   Level
a - Foxfire               Conj/Fire      40%        2x1d6     6%          1
b - Summon Small Mammal   Summ           24%        N/A       12%         1
c - Scorch                Fire           30%        2d6       5%          2

Your spell library contained the following spells:

 Spells                   Type           Power      Damage    Failure   Level
 Shock                    Conj/Air       12%        1d3       16%         1
 Inner Flame              Hex/Fire       8%         N/A       24%         3
 Volatile Blastmotes      Fire/Tloc      16%        2d11      24%         3
 Call Canine Familiar     Summ           6%         N/A       34%         3
 Summon Guardian Golem    Hex/Summ       4%         N/A       41%         3
 Swiftness                Air            1%         N/A       50%         3
 Flame Wave               Conj/Fire      10%        2d6       54%         4
 Airstrike                Air            0%         2d(1-17)  88%         4


Dungeon Overview and Level Annotations

Branches:
Dungeon (4/15)
 Temple: D:4-7

Altars:
Vehumet
Yredelemnul

Annotations:
D:4 Edmund


Innate Abilities, Weirdness & Mutations

Your plain brown scales are hard. (AC +5)
You cannot fit into any form of body armour.
You are cold-blooded and may be slowed by cold attacks.


Message History

Confirm with . or Enter, or press ? or * to list all spells.
Flames lash Edmund.
Edmund is lightly wounded.
Edmund's fire resistance burns away.
Edmund hits your endoplasm zombie with a +2 dire flail of protection!
Your endoplasm zombie is destroyed!
Casting: Scorch (safe; 5% risk of failure)
Confirm with . or Enter, or press ? or * to list all spells.
You conjure some foxfire!
The foxfire hits Edmund.
Edmund is burned terribly!
Edmund is lightly wounded.
You feel very mighty all of a sudden.
Edmund is no longer more vulnerable to fire.
The foxfire hits Edmund but does no damage.
Edmund is lightly wounded.
Your kobold zombie closely misses Edmund.
You punch Edmund!
Edmund is moderately wounded.
Edmund barely misses you.
Your kobold zombie barely misses Edmund.
You barely miss Edmund.
Your tail-slap misses Edmund.
Edmund is moderately wounded.
A sleepcap comes into view.
Edmund misses you.
Your kobold zombie hits Edmund but does no damage.
Your hobgoblin zombie hits Edmund but does no damage.
You hit Edmund.
Edmund is moderately wounded.
Edmund hits you with a +2 dire flail of protection!
Your kobold zombie hits Edmund.
Casting: Foxfire (safe; 6% risk of failure)
Confirm with . or Enter, or press ? or * to list all spells.
You don't know that spell.
You completely miss Edmund.
Edmund is heavily wounded.
Your hobgoblin zombie closely misses Edmund.
The sleepcap releases spores at your hobgoblin zombie.
Edmund hits you with a +2 dire flail of protection!
Ouch! That really hurt!
You die...
Your body rises from the dead as a mindless zombie.

#. #.
#.##.Z.##### #.
#.##.#Z...# #.
#.........# #.
###.##....# #.
#.Z##....# .
#.####Z###..(.#
... #Z...Z.#
#....#
.....#ZZ#####
#....#
.....f@@#
#....#
....##.##
###### ### #>
##


You could see Edmund (ally target), a sleepcap, a friendly endoplasm zombie, a
friendly hobgoblin zombie and a friendly kobold zombie.

Vanquished Creatures
  2 adders
  3 bats
  3 endoplasms
  3 giant cockroaches
  5 goblins
  6 hobgoblins
  5 ball pythons
  2 frilled lizards
  4 kobolds
  6 rats
39 creatures vanquished.

Vanquished Creatures (collateral kills)
  An endoplasm (D:1)
  A giant cockroach (D:2)
  A kobold (D:3)
  2 rats (D:1)
5 creatures vanquished.

Vanquished Creatures (others)
  2 bat zombies
  An endoplasm zombie (D:4)
  A goblin zombie (D:3)
  A hobgoblin zombie (D:2)
  112 foxfires
117 creatures vanquished.

Grand Total: 161 creatures vanquished

Notes
Turn   | Place    | Note
-------+----------+-------------------------------------------
     0 | D:1      | Barriton the Draconian Fire Elementalist began the quest
                  | for the Orb.
     0 | D:1      | Reached XP level 1. HP: 14/14 MP: 3/3
    24 | D:1      | Learned a level 1 spell: Summon Small Mammal
   270 | D:1      | Reached XP level 2. HP: 20/20 MP: 1/5
   794 | D:2      | Found a faded altar of an unknown god.
   797 | D:2      | Prayed at the altar of an unknown god.
   797 | D:2      | Became a worshipper of Yredelemnul the Dark
   797 | D:2      | Reached * piety under Yredelemnul
  1060 | D:2      | Learned a level 2 spell: Scorch
  1100 | D:2      | Reached skill level 1 in Summonings
  1412 | D:2      | Reached XP level 3. HP: 26/26 MP: 4/6
  2981 | D:4      | Found a radiant altar of Vehumet.
  3178 | D:4      | Reached skill level 4 in Fire Magic
  3234 | D:4      | Noticed Edmund
  3248 | D:4      | Slain by Edmund

Illustrated notes

Levels and vault maps discovered:
D:1:      minmay_arrival_semitransparent, layout_basic,
          chequers_hall_statues_corner_a
D:2:      layout_loops_corners, nicolae_ecumenical_oubliette,
          hangedman_decor_diamond_cutter
D:3:      layout_basic
D:4:      layout_basic, vehumet_altar_wand_db, uniq_edmund

Skill      XL: |  1  2  3 |
---------------+----------+-----
Dodging        | 2 |  2.0
Summonings     | 1 |  1.2
Fire Magic     | 4 |  4.1
Stealth        | |  1.9
Unarmed Combat | |  0.3
Spellcasting   | |  2.3
Conjurations   | |  1.1

Action                     || total
---------------------------++-------
  Melee: Unarmed           ||    42
         Tailslap          ||     5
   Cast: Foxfire           ||    78
         Summon Small Mamm ||    18
         Scorch            ||    12
    Use: Scroll            ||    11
         Potion            ||     2
 Armour: Skin              ||    26
  Dodge: Dodged            ||    55
